 Dungeon Crawl Stone Soup version 0.16.1-16-gc44b35d (webtiles) character file.

53 Salem the Changer (level 3, 0/16 HPs)
             Began as a Felid Transmuter on Apr 26, 2015.
             Killed from afar by Jessica (11 damage)
             ... with a wand of flame
             ... on level 3 of the Dungeon.
             The game lasted 00:22:30 (1781 turns).

Salem the Changer (Felid Transmuter)                Turns: 1781, Time: 00:22:30

Health: 0/16       AC:  1    Str:  7    XL:     3   Next: 64%
Magic:  7/8        EV: 18    Int: 14    God:
Gold:   138        SH:  0    Dex: 16    Spells: 3 memorised, 0 levels left
                                        Lives:  0   Deaths: 0

rFire  . . .     SeeInvis +       - Unarmed
rCold  . . .     Clarity  .     (armour unavailable)
rNeg   . . .     SustAb   .     (shield unavailable)
rPois  .         Gourm    .     (helmet unavailable)
rElec  .         Spirit   .     (cloak unavailable)
rCorr  .         Warding  .     (gloves unavailable)
rMut   .         Stasis   .     (boots unavailable)
MR     .....                    (no amulet)
Stlth  ++........               (no ring)
                                (no ring)

@: appendage, quick, not resistant to hostile enchantments, unstealthy
A: paw claws, no armour, no weapons or thrown items, fangs 3, horns 2, see
invisible, carnivore 3, speed 1, shaggy fur 1, slow metabolism 1, sharp paws
a: End Transformation


You were on level 3 of the Dungeon.
You were very full.
You had grown temporary horns.
You visited 1 branch of the dungeon, and saw 3 of its levels.

You collected 138 gold pieces.

Inventory:

Missiles
 b - 12 arrows
Jewellery
 e - an uncursed ring of stealth {unknown}
Scrolls
 c - 3 scrolls of teleportation {unknown}
 h - a scroll of amnesia {unknown}
 i - a scroll of remove curse {unknown}
 k - a scroll of identify {unknown}
 l - a scroll of noise {unknown}
 m - a scroll of enchant weapon {unknown}
 n - a scroll of magic mapping {unknown}
 q - a scroll of blinking {unknown}
Potions
 f - a potion of flight {unknown}
 g - a potion of heal wounds {unknown}
 o - 3 potions of curing {unknown}
 p - a potion of resistance {unknown}
 r - 2 potions of haste {unknown}
 s - a potion of mutation {unknown}
Books
 d - a book of Changes

   Spells                             Type                      Level
   a - Beastly Appendage              Transmutation                1
   b - Sticks to Snakes               Transmutation                2
   c - Spider Form                    Transmutation/Poison         3
   d - Ice Form                       Ice/Transmutation            4
   e - Blade Hands                    Transmutation                5
Comestibles
 a - 2 meat rations
 j - a slice of pizza


   Skills:
 + Level 2.0 Fighting
 - Level 2.6 Dodging
 - Level 3.0 Unarmed Combat
 - Level 2.0 Spellcasting
 * Level 3.9 Transmutations


You couldn't memorise any spells.
You knew the following spells:

 Your Spells              Type           Power        Failure   Level  Hunger
a - Beastly Appendage     Trmt           ##....       6%          1    ##.....
b - Sticks to Snakes      Trmt           ##........   10%         2    ###....
c - Spider Form           Trmt/Pois      #.........   38%         3    ####...


Dungeon Overview and Level Annotations

Branches:
Dungeon (3/15)

Altars:
Fedhas

Annotations:
D:3 Jessica; trantor's ghost, average HEIE


Innate Abilities, Weirdness & Mutations

You cannot wear armour.
You are incapable of wielding weapons or throwing items.
You have razor-sharp teeth.
You have supernaturally acute eyesight.
You are carnivorous and can eat meat at any time.
You cover ground quickly.
You are covered in fur (AC +1).
You have a slow metabolism.
Your paws have sharp claws that are effective at stabbing.
You have a pair of horns on your head.


Message History

Jessica the Apprentice Sorceress comes into view.
There is an open door here.
You close the door.
Jessica opens the door.
Press: ? - help, v - describe, . - travel
Here: Jessica, wearing a glowing robe (hasn't noticed you)
The floor.
Jessica shouts!
Jessica casts a spell.
Jessica blinks!
Casting: Beastly Appendage
Confirm with . or Enter, or press ? or * to list all spells.
You grow a pair of large bovine horns.
You closely miss Jessica.
Jessica zaps a wand.
The puff of flame hits you!
It is a wand of flame.
You scratch Jessica but do no damage.
Jessica looks very angry.
Jessica zaps a wand.
The puff of flame hits you!
Ouch! That really hurt!
You die...

###.# ##'## #.#
##...## #.##
##..ยง..## #..##
##.......##
##...####.........#
#........@........+
##...####.........#
#..@#####........##
#.#..@..##.#.....##
##.#.##.##.##...##
##........###+##
####...### #.....
#....... #.........
##.........
##.......#.


You could see Jessica.

Vanquished Creatures
  2 adders (D:2)
  A worm (D:2)
  2 giant cockroaches
  3 hobgoblins
  4 kobolds
  4 bats (D:1)
  5 giant newts
  5 goblins
  6 rats
32 creatures vanquished.

Notes
Turn   | Place    | Note
--------------------------------------------------------------
     0 | D:1      | Salem, the Felid Transmuter, began the quest for the Orb.
     0 | D:1      | Reached XP level 1. HP: 9/9 MP: 4/4
     2 | D:1      | Noticed an electric eel
   493 | D:1      | Reached XP level 2. HP: 8/12 MP: 5/5
   810 | D:1      | Learned a level 2 spell: Sticks to Snakes
  1246 | D:2      | Reached XP level 3. HP: 13/16 MP: 6/8
  1409 | D:2      | Learned a level 3 spell: Spider Form
  1423 | D:2      | Found a blossoming altar of Fedhas.
  1745 | D:3      | Noticed trantor's ghost (average HEIE)
  1746 | D:3      | Noticed Jessica
  1781 | D:3      | Killed from afar by Jessica

Action                   || total
-------------------------++-------
Melee: Unarmed           ||    84
 Cast: Beastly Appendage ||    10
  Eat: Chunk             ||     8
